 Dungeon Crawl Stone Soup version 0.29-a0-1065-g47a6bb87d6 (webtiles) character file.

Game seed: 2886823989470816388

792 nickcage the Basher (level 7, -16/56 HPs)
             Began as a Minotaur Gladiator on Aug 18, 2022.
             Was an Initiate of Jiyva.
             Demolished by an ogre
             ... wielding a +0 giant club
              (33 damage)
             ... on level 5 of the Dungeon.
             The game lasted 00:09:47 (4457 turns).

nickcage the Basher (Minotaur Gladiator)            Turns: 4457, Time: 00:09:47

Health: -16/56     AC:  6    Str: 20    XL:     7   Next: 57%
Magic:  6/6        EV: 11    Int:  5    God:    Jiyva [......]
Gold:   289        SH:  0    Dex: 12    Spells: 6/6 levels left

rFire   . . .      SeeInvis .   a - +0 flail
rCold   + . .      Faith    .   (no shield)
rNeg    . . .      Spirit   .   o - +0 ring mail
rPois   .          Reflect  .   c - +0 hat
rElec   .          Harm     .   (no cloak)
rCorr   .          Rampage  .   m - +0 pair of gloves
Will    .....                   (no boots)
Stlth   +.........              (no amulet)
HPRegen 0.18/turn               B - ring of protection from cold
MPRegen 0.10/turn               (no ring)

@: no status effects
A: horns 2, retaliatory headbutt
a: Renounce Religion


You were on level 5 of the Dungeon.
You worshipped Jiyva.
Jiyva was noncommittal.
You visited 2 branches of the dungeon, and saw 6 of its levels.

You collected 289 gold pieces.

Inventory:

Hand Weapons
 a - a +0 flail (weapon)
Missiles
 d - 3 throwing nets (quivered)
Armour
 b - a +0 leather armour
 c - a +0 hat (worn)
 m - a +0 pair of gloves (worn)
 o - a +0 ring mail (worn)
Jewellery
 u - an amulet of guardian spirit
 B - a ring of protection from cold (left hand)
Wands
 q - a wand of polymorph (16)
Scrolls
 g - a scroll of noise {unknown}
 h - 3 scrolls of enchant weapon {unknown}
 j - 3 scrolls of teleportation {unknown}
 k - 5 scrolls of identify {unknown}
 p - a scroll of summoning {unknown}
 t - a scroll of vulnerability {unknown}
 v - 2 scrolls of enchant armour {unknown}
 w - a scroll of amnesia {unknown}
 x - a scroll of immolation {unknown}
 y - a scroll of poison {unknown}
 C - a scroll of magic mapping {unknown}
Potions
 f - a potion of invisibility {unknown}
 i - 3 potions of might {unknown}
 l - 2 potions of degeneration {unknown}
 n - 3 potions of curing {unknown}
 r - 3 potions of magic {unknown}
 s - a potion of brilliance {unknown}
 z - 2 potions of flight {unknown}
 A - a potion of ambrosia {unknown}
 D - a potion of attraction {unknown}


   Skills:
 - Level 2.4 Fighting
 + Level 10.8 Maces & Flails
 - Level 2.0 Throwing
 - Level 3.2 Dodging


You had 6 spell levels left.
You didn't know any spells.
Your spell library contained the following spells:

 Spells                   Type           Power      Damage    Failure   Level
 Apportation              Tloc           0%         N/A       67%         1
 Alistair's Intoxication  Tmut/Pois      0%         N/A       100%        5


Dungeon Overview and Level Annotations

Branches:
Dungeon (5/15)             Temple (1/1) D:4

Altars:
Cheibriados
Dithmenos
Elyvilon
Ru
Xom
Jiyva

Shops:
D:2 *


Innate Abilities, Weirdness & Mutations

You have a pair of horns on your head.
You reflexively headbutt those who attack you in melee.


Message History

The orc wizard is heavily wounded.
The orc wizard points at you and mumbles some strange words.
You resist with some effort. The orc hits you but does no damage.
An orc comes into view. It is wielding a +0 short sword.
You sock the orc wizard!
You kill the orc wizard!
The orc hits you with a +0 club. The orc hits you but does no damage. x2
The ogre attacks as you move away!
The ogre hits you with a +0 giant club!!
* * * LOW HITPOINT WARNING * * *
The orc attacks as you move away! The orc hits you but does no damage.
You hear a distant slurping noise.
The orc closely misses you. You furiously retaliate!
You headbutt the orc!
You kill the orc!
The orc attacks as you move away! The orc hits you but does no damage.
The orc attacks as you move away! The orc hits you but does no damage.
The orc attacks as you move away! The orc closely misses you.
You furiously retaliate!
You headbutt the orc. The orc attacks as you move away!
The orc hits you but does no damage.
You thump the orc!
You kill the orc!
You barely miss the orc. You headbutt the orc, but do no damage.
The orc hits you with a +0 mace.
* * * LOW HITPOINT WARNING * * *
The orc attacks as you move away! The orc completely misses you.
You hit the orc.
The orc is moderately wounded.
You completely miss the orc.
The orc is moderately wounded.
The orc hits you but does no damage.
You completely miss the orc. Your headbutt misses the orc.
The orc is moderately wounded.
The jelly hits the orc.
The orc is splashed with acid.
The orc dies!
You hit the ogre.
The ogre is lightly wounded.
The jelly completely misses the ogre.
The ogre hits you with a +0 giant club!!
Ouch! That really hurt!
You die...

#................?.
#........).........
#.....)[............
##.............##..
##.....#..o..#...
#....####o###... ##
#....## #n# ..#....
#.....###O##.##..#
#.......@J.......#
#....##..........#
#....#.........#.#.
#....#.#.......#.#.
###..............#
#..............#
#............#.#
#............#.#
#............# #


You could see an ogre, a necrophage, 2 orcs and a neutral jelly (wandering)
(fellow slime).

Vanquished Creatures
  An ice beast (D:3)
  A phantom (D:4)
  2 gnoll sergeants
  A necrophage (D:5)
  A hound (D:4)
  An orc priest (D:3)
  Natasha (twice) (D:2)
  3 orc wizards
  8 gnolls
  7 adders
  A worm (D:4)
  4 dart slugs
  10 orcs
  9 bats
  6 endoplasms
  3 giant cockroaches (D:4)
  8 goblins
  10 hobgoblins
  7 kobolds
  6 quokkas
  4 ball pythons
  4 frilled lizards
  10 rats
109 creatures vanquished.

Vanquished Creatures (others)
  An orc (D:5)
  An endoplasm (D:4)
2 creatures vanquished.

Grand Total: 111 creatures vanquished

Notes
Turn   | Place    | Note
-------+----------+-------------------------------------------
     0 | D:1      | nickcage the Minotaur Gladiator began the quest for the
                  | Orb.
     0 | D:1      | Reached XP level 1. HP: 18/18 MP: 0/0
   111 | D:1      | Reached skill level 4 in Maces & Flails
   153 | D:1      | Reached XP level 2. HP: 19/25 MP: 1/1
   365 | D:1      | You fall into a shaft and drop 1 floor!
   526 | D:1      | Reached skill level 5 in Maces & Flails
   920 | D:2      | Found a faded altar of an unknown god.
   950 | D:2      | Reached XP level 3. HP: 30/30 MP: 2/2
  1154 | D:2      | Noticed Natasha
  1160 | D:2      | Killed Natasha
  1255 | D:2      | Reached skill level 6 in Maces & Flails
  1255 | D:2      | Reached XP level 4. HP: 37/37 MP: 3/3
  1939 | D:2      | Found Muclisuf's Assorted Antiques.
  1966 | D:2      | Noticed Natasha
  1973 | D:2      | Killed Natasha
  2101 | D:3      | Found a sacrificial altar of Ru.
  2187 | D:3      | Reached skill level 7 in Maces & Flails
  2187 | D:3      | Reached XP level 5. HP: 12/42 MP: 4/4
  2419 | D:3      | Found a snail-covered altar of Cheibriados.
  2431 | D:3      | Noticed an ice beast
  2443 | D:3      | Killed an ice beast
  2444 | D:3      | Reached skill level 8 in Maces & Flails
  2572 | D:3      | Noticed Terence
  2574 | D:3      | Noticed Terence
  2574 | D:3      | Terence changed into Terence the frilled lizard
  2576 | D:3      | Killed Terence the frilled lizard
  2594 | D:3      | Found a shimmering altar of Xom.
  2845 | D:3      | Reached XP level 6. HP: 41/50 MP: 5/5
  3421 | D:4      | Found a staircase to the Ecumenical Temple.
  3432 | Temple   | Entered the Ecumenical Temple
  3436 | Temple   | Became a worshipper of Jiyva Juillekh the Shapeless
  3493 | D:4      | Reached skill level 9 in Maces & Flails
  3702 | D:4      | Reached XP level 7. HP: 32/56 MP: 6/6
  4257 | D:5      | Entered Level 5 of the Dungeon
  4262 | D:5      | Reached skill level 10 in Maces & Flails
  4457 | D:5      | Demolished by an ogre

Illustrated notes

Levels and vault maps discovered:
D:1:      matt_arrival_refuge, layout_rooms
D:2:      layout_loops_corners, serial_shops, shop,
          nicolae_ecumenical_oubliette, minmay_pentomino_r2, uniq_natasha
D:3:      minmay_bubble_buster, layout_rooms, mainiacjoe_overflow_24_doors,
          old_standard_altar, mainiacjoe_overflow_surrounded_room,
          chequers_serial_rivers_micro_c, uniq_terence
D:4:      minmay_razor_zed, layout_loops_ring, minmay_temple_entry_glass,
          lightli_minifort
D:5:      layout_rooms, mainiacjoe_overflow_six_doors_small, serial_shops,
          nicolae_inconvenience_store, gammafunk_ghost_smash
Temple:   pf_slimified_temple

Skill      XL: |  1  2  3  4  5  6  7 |
---------------+----------------------+-----
Maces & Flails | 4 5 6 7 8 9 10 | 10.8
Fighting       | |  2.4
Throwing       | |  2.0
Dodging        | |  3.2

Action                   |  1- 3 |  4- 6 |  7- 9 || total
-------------------------+-------+-------+-------++-------
Melee: Flail             |    55 |   129 |    64 ||   248
       Headbutt          |     3 |    22 |    13 ||    38
       Punch             |     1 |       |     1 ||     2
       Unarmed           |       |     2 |       ||     2
Throw: Javelin           |       |     1 |     1 ||     2
Evoke: Wand              |       |     1 |       ||     1
Armor: Leather armour    |    13 |       |       ||    13
       Ring mail         |     1 |    42 |    26 ||    69
Dodge: Dodged            |    34 |    61 |    39 ||   134

Table legend: (Time is in decaauts)
 A = Elapsed time spent in this place.
 B = Non-inter-level travel time spent in this place.
 C = Inter-level travel time spent in this place.
 D = Time resting spent in this place.
 E = Time spent auto-exploring this place.
 F = Levels seen in this place.
 G = Mean time per level.
                   A        B        C        D        E       F      G
               +--------+--------+--------+--------+--------+-----+--------+
         Total |   4459 |   4377 |     82 |    535 |   3224 |   6 |  743.2 |
       Dungeon |   4449 |   4367 |     82 |    535 |   3224 |   5 |  889.8 |
        Temple |      9 |      9 |      0 |      0 |      0 |   1 |    9.0 |
               +--------+--------+--------+--------+--------+-----+--------+

Top non-repeatable levels by time:
     D:4: 1213 daAuts
     D:2: 1120 daAuts
     D:3: 973 daAuts
     D:1: 946 daAuts
     D:5: 196 daAuts
  Temple: 9 daAuts
